 Dungeon Crawl Stone Soup version 0.22.0-40-g68aacdc4c8 (webtiles) character file.

35 LLavrengius the Grave Robber (level 3, -1/19 HPs)
             Began as a Deep Elf Necromancer on Sept 1, 2018.
             Killed from afar by Sigmund (7 damage)
             ... with a magic dart
             ... on level 2 of the Dungeon.
             The game lasted 00:05:54 (1618 turns).

LLavrengius the Grave Robber (Deep Elf Necromancer) Turns: 1618, Time: 00:05:54

Health: -1/19      AC:  2    Str:  5    XL:     3   Next: 17%
Magic:  6/9        EV: 13    Int: 20    God:
Gold:   79         SH:  0    Dex: 15    Spells: 6/8 levels left

rFire    + . .     SeeInvis .   k - +0 dagger
rCold    . . .     Gourm    .   (no shield)
rNeg     . . .     Faith    .   f - +0 robe {rF+}
rPois    .         Spirit   .   (no helmet)
rElec    .         Reflect  .   (no cloak)
rCorr    .         Harm     .   (no gloves)
MR       .....                  (no boots)
Stlth    ++........             (no amulet)
HPRegen  0.06/turn              h - ring of stealth
MPRegen  0.11/turn              (no ring)

@: confused, very slightly contaminated
A: no striking features
a: no special abilities


You were on level 2 of the Dungeon.
You were not hungry.

You visited 1 branch of the dungeon, and saw 2 of its levels.

You collected 79 gold pieces.

Inventory:

Hand Weapons
 k - a +0 dagger (weapon)
Missiles
 d - 41 stones (quivered)
Armour
 f - a +0 robe of fire resistance (worn)
Jewellery
 h - a ring of stealth (left hand)
Scrolls
 b - 2 scrolls of remove curse {unknown}
 g - a scroll of teleportation {unknown}
Potions
 a - a potion of degeneration {unknown}
 e - a potion of invisibility {unknown}
 i - a potion of berserk rage {unknown}
 j - 2 potions of cancellation {unknown}
Comestibles
 c - 4 rations


   Skills:
 + Level 2.5 Dodging
 - Level 2.4 Stealth
 + Level 0.3 Unarmed Combat
 - Level 3.0 Spellcasting
 + Level 6.0 Necromancy


You had 6 spell levels left.
You knew the following spells:

 Your Spells              Type           Power        Failure   Level  Hunger
a - Pain                  Necr           ####         1%          1    None
b - Animate Skeleton      Necr           N/A          1%          1    None

Your spell library contained the following spells:

 Spells                   Type           Power        Failure   Level  Hunger
 Vampiric Draining        Necr           ####......   3%          3    ###....
 Regeneration             Chrm/Necr      ###.......   12%         3    ###....
 Animate Dead             Necr           N/A          12%         4    ####...


Dungeon Overview and Level Annotations

Branches:
Dungeon (2/15)

Altars:
Xom

Annotations:
D:2 Sigmund


Message History

You are confused.
Are you sure you want to stumble around while confused and next to your goblin skeleton? [Y]es or [N]o only, please.
Are you sure you want to stumble around while confused and next to your goblin skeleton? [Y]es or [N]o only, please.
Are you sure you want to stumble around while confused and next to your goblin skeleton?
You bump into the rock wall.
You hear some strange, mumbled words.
Your goblin skeleton resists with significant effort.
Are you sure you want to stumble around while confused and next to your goblin skeleton? [Y]es or [N]o only, please.
Are you sure you want to stumble around while confused and next to your goblin skeleton?
A puff of flame appears from out of thin air!
The puff of flame hits your goblin skeleton.
Your goblin skeleton is destroyed!
You bump into the rock wall.
You bump into the rock wall.
A magic dart appears from out of thin air!
The magic dart hits you!
You die...

..############ # #.# .## #.# #..#
#.# ###..# #.# ###...# #.#
##†...# #.# #....## #.#
########..{## ## #.#
#.......@..## #.
#.#######.##.########...##.###.##
#.##.........# #......<...g.
........#.#.># #...##.###.##
.....##.#....# # #.
...#.##.###.## .S .....##.# #.#
##. ..#####.# #.# #. ..# #.# #.#
#.


There were no monsters in sight!

Vanquished Creatures
  2 oozes
  A dart slug (D:1)
  A leopard gecko (D:1)
  2 bats (D:1)
  2 giant cockroaches (D:1)
  3 goblins
  2 hobgoblins (D:1)
  A frilled lizard (D:1)
  5 kobolds
  A rat (D:2)
20 creatures vanquished.

Vanquished Creatures (collateral kills)
  A dart slug (D:1)
  A hobgoblin (D:1)
2 creatures vanquished.

Grand Total: 22 creatures vanquished

Notes
Turn   | Place    | Note
-------+----------+-------------------------------------------
     0 | D:1      | LLavrengius the Deep Elf Necromancer began the quest for the Orb.
     0 | D:1      | Reached XP level 1. HP: 10/10 MP: 6/6
     6 | D:1      | Noticed a hound
     6 | D:1      | Noticed a worker ant
     7 | D:1      | Noticed a salamander
   108 | D:1      | Reached skill level 5 in Necromancy
   407 | D:1      | Reached XP level 2. HP: 10/15 MP: 2/8
   593 | D:1      | Learned a level 1 spell: Animate Skeleton
  1404 | D:2      | Found a shimmering altar of Xom.
  1488 | D:2      | Reached XP level 3. HP: 19/19 MP: 7/9
  1576 | D:2      | Noticed Sigmund
  1602 | D:2      | Reached skill level 6 in Necromancy
  1618 | D:2      | Killed from afar by Sigmund

Skill      XL: |  1  2  3 |
---------------+----------+-----
Necromancy     | 5 6 |  6.0
Dodging        | |  2.5
Stealth        | |  2.4
Unarmed Combat | |  0.3
Spellcasting   | |  3.0

Action                   || total
-------------------------++-------
Melee: Dagger            ||     8
       Unarmed           ||     3
 Cast: Pain              ||    39
       Animate Skeleton  ||     6
 Stab: Sleeping          ||     3
  Eat: Chunk             ||     2
Armor: Robe              ||     2
Dodge: Dodged            ||     7
